 Dungeon Crawl Stone Soup version 0.24-a0-783-ge536774 (webtiles) character file.

Game seed: 3030452870103459194, levelgen mode: deterministic

441 Dorkslayer the Magician (level 7, -13/43 HPs)
             Began as an Octopode Wizard on Oct 8, 2019.
             Was a Follower of Sif Muna.
             Mangled by an ogre
             ... wielding a +0 giant club
              (27 damage)
             ... on level 4 of the Dungeon.
             The game lasted 00:28:15 (4830 turns).

Dorkslayer the Magician (Octopode Wizard)           Turns: 4830, Time: 00:28:15

Health: -13/43     AC:  4    Str: 10    XL:     7   Next: 2%
Magic:  1/14       EV: 14    Int: 21    God:    Sif Muna [*.....]
Gold:   228        SH:  0    Dex: 15    Spells: 4/15 levels left

rFire    . . .     SeeInvis .   h - +0 dagger
rCold    . . .     Gourm    .   (no shield)
rNeg     . . .     Faith    .   a - +0 hat
rPois    .         Spirit   .   (no amulet)
rElec    .         Reflect  .   e - +5 ring of dexterity
rCorr    .         Harm     .   g - +2 ring of strength
MR       +....                  j - ring of protection from magic
Stlth    ++++......             u - +3 ring of protection
HPRegen  0.14/turn              (no ring)
MPRegen  0.14/turn              (no ring)
                                (no ring)
                                (no ring)

@: very slightly contaminated
A: almost no armour, stealthy swim, amphibious, 8 rings, constrict 8, camouflage
1, gelatinous body 1
a: Channel Magic, Renounce Religion


You were on level 4 of the Dungeon.
You worshipped Sif Muna.
Sif Muna was aware of your devotion.
You were not hungry.

You visited 1 branch of the dungeon, and saw 4 of its levels.

You collected 228 gold pieces.

Inventory:

Hand Weapons
 h - a +0 dagger (weapon)
Missiles
 i - 14 poisoned darts (quivered)
Armour
 a - a +0 hat (worn)
Jewellery
 e - a +5 ring of dexterity (left tentacle)
 g - a +2 ring of strength (right tentacle)
 j - a ring of protection from magic (on tentacle)
 u - a +3 ring of protection (on tentacle)
Scrolls
 b - 3 scrolls of remove curse {unknown}
 d - 3 scrolls of teleportation
 f - 3 scrolls of fear
 l - a scroll of enchant armour {unknown}
 n - a scroll of amnesia {unknown}
 p - a scroll of blinking {unknown}
 r - a scroll of enchant weapon {unknown}
Potions
 k - a potion of magic
 o - 2 potions of curing
 q - a potion of agility
 s - 2 potions of cancellation
 t - a potion of brilliance
 v - a potion of degeneration {unknown}
Comestibles
 c - 6 rations
 m - a chunk of flesh


   Skills:
 + Level 1.4 Fighting
 + Level 0.9 Short Blades
 + Level 2.1 Throwing
 + Level 2.5 Dodging
 + Level 3.9 Stealth
 + Level 0.5 Unarmed Combat
 + Level 4.7 Spellcasting
 + Level 3.5 Conjurations
   Level 1.0 Summonings
 + Level 1.0 Translocations
 + Level 0.2 Fire Magic
 + Level 0.1 Air Magic
 + Level 0.5 Poison Magic


You had 4 spell levels left.
You knew the following spells:

 Your Spells              Type           Power        Failure   Level  Hunger
a - Magic Dart            Conj           ###.         2%          1    None
b - Blink                 Tloc           N/A          11%         2    #......
c - Slow                  Hex            #.......     17%         2    #......
d - Mephitic Cloud        Conj/Pois/Air  ##......     19%         3    ##.....
e - Conjure Flame         Conj/Fire      ##......     16%         3    ##.....

Your spell library contained the following spells:

 Spells                   Type           Power        Failure   Level  Hunger
 Call Imp                 Summ           #.......     11%         2    #......
 Recall                   Summ/Tloc      N/A          22%         3    ##.....
 Animate Dead             Necr           N/A          73%         4    ####...
 Borgnjor's Vile Clutch   Necr/Erth      #.........   97%         5    ######.
 Death Channel            Necr           #.........   100%        6    #######
 Simulacrum               Ice/Necr       #.........   100%        6    #######


Dungeon Overview and Level Annotations

Branches:
Dungeon (4/15)
 Temple: D:4-7

Altars:
Ashenzari
Hepliaklqana
Makhleb
Qazlal
Sif Muna
Uskayaw
Yredelemnul
Zin


Innate Abilities, Weirdness & Mutations

You cannot wear most types of armour.
You are very stealthy in the water. (Stealth+)
You are amphibious.
You can wear up to eight rings at the same time.
You can use your tentacles to constrict eight enemies at once.
Your skin changes colour to match your surroundings (Stealth+).
Your rubbery body absorbs attacks. (AC +1, EV +1)


Message History

You throw a poisoned dart. The poisoned dart hits the ogre.
The ogre looks even sicker.
The ogre is severely wounded.
You barely miss the ogre.
The ogre is severely wounded.
The ogre hits you with a +0 giant club!
You hit the ogre. Your squeeze misses the ogre.
The ogre is severely wounded.
Unknown command.
You hit the ogre.
The ogre is almost dead.
The ogre hits you with a +0 giant club!
You barely miss the ogre.
The ogre is almost dead.
The ogre completely misses you.
You hit the ogre.
The ogre is almost dead.
The ogre hits you with a +0 giant club!!
Ouch! That really hurt!
You die...

##################
#@................
#O################
#s# #.. .(( .(..
#...# ..... ######


You could see an ogre and a scorpion.

Vanquished Creatures
  An ogre (D:4)
  A quasit (D:3)
  An iguana (D:4)
  A worker ant (D:4)
  10 adders
  11 gnolls
  An ooze (D:1)
  4 worms
  3 leopard geckos
  6 orcs
  2 giant cockroaches
  6 goblins
  6 hobgoblins
  2 jackals (D:3)
  A quokka (D:3)
  3 ball pythons
  10 bats
  6 frilled lizards
  4 kobolds
  A quokka skeleton (D:4)
  9 rats
89 creatures vanquished.

Notes
Turn   | Place    | Note
-------+----------+-------------------------------------------
     0 | D:1      | Dorkslayer the Octopode Wizard began the quest for the Orb.
     0 | D:1      | Reached XP level 1. HP: 11/11 MP: 4/4
   121 | D:1      | Reached XP level 2. HP: 5/17 MP: 0/6
   125 | D:1      | Learned a level 2 spell: Blink
   128 | D:1      | Learned a level 2 spell: Slow
  1144 | D:1      | Reached XP level 3. HP: 20/21 MP: 2/8
  1294 | D:1      | Learned a level 3 spell: Mephitic Cloud
  1585 | D:2      | Reached skill level 1 in Fighting
  1678 | D:2      | Reached skill level 4 in Spellcasting
  1678 | D:2      | Reached XP level 4. HP: 13/28 MP: 1/10
  1696 | D:2      | HP: 1/28 [goblin (1)]
  2248 | D:2      | Found a burning altar of Makhleb.
  2249 | D:2      | Found a hide-covered altar of Uskayaw.
  2251 | D:2      | Found a glowing silver altar of Zin.
  2251 | D:2      | Found a stormy altar of Qazlal.
  2260 | D:2      | Found a basalt altar of Yredelemnul.
  2260 | D:2      | Found a hazy altar of Hepliaklqana.
  2260 | D:2      | Found a shimmering blue altar of Sif Muna.
  2264 | D:2      | Found a shattered altar of Ashenzari.
  2304 | D:2      | Became a worshipper of Sif Muna the Loreminder
  2657 | D:3      | Learned a level 3 spell: Conjure Flame
  2688 | D:3      | Reached skill level 1 in Throwing
  2752 | D:3      | Reached XP level 5. HP: 5/33 MP: 1/11
  3620 | D:3      | Reached * piety under Sif Muna
  3717 | D:3      | Reached XP level 6. HP: 38/38 MP: 8/12
  4456 | D:4      | Reached XP level 7. HP: 43/43 MP: 7/14
  4830 | D:4      | Mangled by an ogre

Levels and vault maps discovered:
D:1:      wander_arrival_lonely_grave, layout_loops_ring, chequers_big_river
D:2:      layout_loops_ring, grunt_temple_overflow_open, serial_glass,
          glass_columns_a, glass_columns_a, glass_columns_b, glass_columns_a,
          grunt_ministairs_15
D:3:      layout_basic, chequers_arboretum
D:4:      layout_loops_ring, corexii_hall_statues_l, kennysheep_potato

Skill      XL: |  1  2  3  4  5  6 |
---------------+-------------------+-----
Stealth        | 3 |  3.9
Fighting       | 1 |  1.4
Spellcasting   | 4 |  4.7
Throwing       | 1 2 |  2.1
Conjurations   | 2 3 |  3.5
Short Blades   | |  0.9
Dodging        | |  2.5
Unarmed Combat | |  0.5
Summonings     | |  1.0
Translocations | |  1.0
Fire Magic     | |  0.2
Air Magic      | |  0.1
Poison Magic   | |  0.5

Action                   |  1- 3 |  4- 6 |  7- 9 || total
-------------------------+-------+-------+-------++-------
Melee: Unarmed           |     9 |       |       ||     9
       Club              |    16 |       |       ||    16
       Constrict         |     8 |    21 |     1 ||    30
       Dagger            |    14 |    87 |     7 ||   108
       Tentacles         |     3 |    13 |     2 ||    18
Throw: Dart              |     1 |    47 |     5 ||    53
 Cast: Magic Dart        |    50 |    96 |     8 ||   154
       Mephitic Cloud    |     1 |     5 |       ||     6
       Conjure Flame     |       |     2 |     1 ||     3
       Slow              |       |       |     2 ||     2
  Use: Potion            |     3 |       |       ||     3
       Scroll            |       |     3 |     4 ||     7
 Stab: Confused          |     1 |       |       ||     1
       Sleeping          |       |     4 |       ||     4
  Eat: Chunk             |     2 |     9 |     2 ||    13
Armor: Skin              |     6 |     7 |       ||    13
Dodge: Dodged            |    34 |    53 |     1 ||    88

Table legend:
 A = Non-vault XP
 B = Vault XP
 C = Vault XP percentage of total XP
 D = Non-vault monster count
 E = Vault monster count
 F = Vault count percentage of total count
                 A         B        C        D         E       F
            +---------+---------+-------+---------+---------+-------
      Total |     580 |      50 |   7.9 |      85 |       4 |   4.5
            +---------+---------+-------+---------+---------+-------
        D:1 |      36 |       0 |   0.0 |      19 |       0 |   0.0
        D:2 |      83 |       2 |   2.4 |      16 |       1 |   5.9
        D:3 |     248 |       0 |   0.0 |      36 |       0 |   0.0
        D:4 |     213 |      48 |  18.4 |      14 |       3 |  17.6
            +---------+---------+-------+---------+---------+-------
